 Dungeon Crawl Stone Soup version 0.28.0-43-g3370ac3207 (webtiles) character file.

Game seed: 852675607106771729

170 RascalDebosk the Prestidigitator (level 5, 0/41 HPs)
             Began as a Gnoll Wanderer on Mar 17, 2022.
             Slain by a gnoll
             ... wielding a +0 whip
              (5 damage)
             ... on level 2 of the Dungeon.
             The game lasted 00:20:22 (2107 turns).

RascalDebosk the Prestidigitator (Gnoll Wanderer)   Turns: 2107, Time: 00:20:23

Health: 0/41       AC:  3    Str: 13    XL:     5   Next: 51%
Magic:  7/7        EV: 11    Int: 10    God:
Gold:   110        SH:  0    Dex: 13    Spells: 7/7 levels left

rFire   . . .      SeeInvis .   a - +0 quarterstaff
rCold   . . .      Faith    .   (shield currently unavailable)
rNeg    . . .      Spirit   .   g - +0 leather armour
rPois   .          Reflect  .   (no helmet)
rElec   .          Harm     .   (no cloak)
rCorr   .          Rampage  .   (no gloves)
Will    .....                   (no boots)
Stlth   ++........              (no amulet)
HPRegen 0.13/turn               (no ring)
MPRegen 0.10/turn               (no ring)

@: no status effects
A: fangs 1, strong nose, distributed training
a: no special abilities


You were on level 2 of the Dungeon.
You visited 1 branch of the dungeon, and saw 2 of its levels.

You collected 110 gold pieces.

Inventory:

Hand Weapons
 a - a +0 quarterstaff (weapon)
Missiles
 c - 60 stones (quivered)
 d - 18 sling bullets
 j - 2 poisoned darts
Armour
 g - a +0 leather armour (worn)
Wands
 b - a wand of mindburst (4)
Scrolls
 h - a scroll of silence {unknown}
 i - a scroll of acquirement {unknown}
 k - a scroll of identify {unknown}
Potions
 e - a potion of might {unknown}
 f - a potion of lignification {unknown}


   Skills:
 + Level 3.0 Fighting
 + Level 1.5 Short Blades
 + Level 1.5 Long Blades
 + Level 1.5 Axes
 + Level 1.5 Maces & Flails
 + Level 1.5 Polearms
 + Level 3.0 Staves
 + Level 1.5 Slings
 + Level 1.5 Bows
 + Level 1.5 Crossbows
 + Level 1.5 Throwing
 + Level 4.8 Armour
 + Level 1.5 Dodging
 + Level 2.8 Stealth
 + Level 1.5 Shields
 + Level 1.5 Unarmed Combat
 + Level 1.5 Spellcasting
 + Level 1.2 Conjurations
 + Level 1.2 Hexes
 + Level 1.2 Summonings
 + Level 1.2 Necromancy
 + Level 1.2 Translocations
 + Level 1.2 Transmutations
 + Level 1.2 Fire Magic
 + Level 1.2 Ice Magic
 + Level 1.2 Air Magic
 + Level 1.2 Earth Magic
 + Level 1.2 Poison Magic
 + Level 3.1 Invocations
 + Level 8.6 Evocations


You had 7 spell levels left.
You didn't know any spells.
Your spell library was empty.

Dungeon Overview and Level Annotations

Branches:
Dungeon (2/15)

Altars:


Innate Abilities, Weirdness & Mutations

You have very sharp teeth.
Your uncanny sense of smell can sniff out nearby items.
Your experience applies equally to all skills.


Message History

The gnoll is moderately wounded.
The gnoll misses you.
You hit the gnoll.
The gnoll is severely wounded.
The gnoll hits you with a +0 spear.
A gnoll comes into view. It is wielding a +0 whip.
You hit the gnoll.
You kill the gnoll!
Your Fighting skill increases to level 3!
Your Staves skill increases to level 3!
The gnoll barely misses you. The gnoll hits you with a +0 whip.
There is an open door here.
Things that are here:
a +0 spear; a gnoll corpse You completely miss the gnoll.
The gnoll barely misses you. The gnoll hits you with a +0 whip.
The gnoll closely misses you.
You sock the gnoll!
The gnoll is severely wounded.
The gnoll closely misses you. x2; The gnoll barely misses you.
You sock the gnoll!
You kill the gnoll!
The gnoll closely misses you.
You barely miss the gnoll. The gnoll closely misses you.
The gnoll hits you with a +0 whip.
* * * LOW HITPOINT WARNING * * *
You hit the gnoll.
The gnoll is lightly wounded.
The gnoll barely misses you. The gnoll misses you.
You hit the gnoll.
The gnoll is heavily wounded.
The gnoll closely misses you. The gnoll hits you with a +0 whip.
* * * LOW HITPOINT WARNING * * *
The gnoll barely misses you.
You closely miss the gnoll.
The gnoll is heavily wounded.
The gnoll misses you. The gnoll barely misses you.
You barely miss the gnoll. You bite the gnoll, but do no damage.
The gnoll is heavily wounded.
The gnoll hits you with a +0 whip.
You die...

#.. #.. #.. #..
. #.. ...
####### ....###
#......
.......#####
#......
......g@...#
#......
......g###.#
#...... .......
#.#######......
......(
#.##...........
......(
#.##..........#
....!.(
#.##..........#
###..(.
#........>....#
#..(.
#........#.....
#....###.#.....


You could see 2 gnolls.

Vanquished Creatures
  Terence (D:2)
  Natasha (thrice) (D:2)
  2 gnolls (D:2)
  A worm (D:2)
  5 ball pythons
  An endoplasm (D:1)
  3 giant cockroaches (D:1)
  5 goblins
  9 hobgoblins
  4 jackals
  2 quokkas (D:1)
  A bat (D:2)
  4 frilled lizards
  2 kobolds (D:1)
  5 rats
48 creatures vanquished.

Notes
Turn   | Place    | Note
-------+----------+-------------------------------------------
     0 | D:1      | RascalDebosk the Gnoll Wanderer began the quest for the
                  | Orb.
     0 | D:1      | RascalDebosk set off with the following items: a +0
                  | quarterstaff, a wand of mindburst (10), a +0 scale mail
     0 | D:1      | Reached XP level 1. HP: 17/17 MP: 2/2
   140 | D:1      | Reached XP level 2. HP: 9/23 MP: 3/3
   701 | D:1      | Reached XP level 3. HP: 10/28 MP: 4/4
   965 | D:1      | Found a faded altar of an unknown god.
  1516 | D:2      | Noticed Terence
  1519 | D:2      | Killed Terence
  1520 | D:2      | Reached skill level 1 in Short Blades
  1520 | D:2      | Reached skill level 1 in Long Blades
  1520 | D:2      | Reached skill level 1 in Axes
  1520 | D:2      | Reached skill level 1 in Maces & Flails
  1520 | D:2      | Reached skill level 1 in Polearms
  1520 | D:2      | Reached skill level 1 in Slings
  1520 | D:2      | Reached skill level 1 in Bows
  1520 | D:2      | Reached skill level 1 in Crossbows
  1520 | D:2      | Reached skill level 1 in Throwing
  1520 | D:2      | Reached skill level 1 in Dodging
  1520 | D:2      | Reached skill level 1 in Shields
  1520 | D:2      | Reached skill level 1 in Unarmed Combat
  1520 | D:2      | Reached skill level 1 in Spellcasting
  1520 | D:2      | Reached XP level 4. HP: 32/34 MP: 6/6
  1738 | D:2      | Noticed Natasha
  1747 | D:2      | Killed Natasha
  1748 | D:2      | Reached skill level 1 in Conjurations
  1748 | D:2      | Reached skill level 1 in Hexes
  1748 | D:2      | Reached skill level 1 in Summonings
  1748 | D:2      | Reached skill level 1 in Necromancy
  1748 | D:2      | Reached skill level 1 in Translocations
  1748 | D:2      | Reached skill level 1 in Transmutations
  1748 | D:2      | Reached skill level 1 in Fire Magic
  1748 | D:2      | Reached skill level 1 in Ice Magic
  1748 | D:2      | Reached skill level 1 in Air Magic
  1748 | D:2      | Reached skill level 1 in Earth Magic
  1748 | D:2      | Reached skill level 1 in Poison Magic
  1912 | D:2      | Noticed Natasha
  1919 | D:2      | Killed Natasha
  1920 | D:2      | Reached XP level 5. HP: 40/40 MP: 7/7
  1948 | D:2      | Noticed Natasha
  1951 | D:2      | Killed Natasha
  2107 | D:2      | Slain by a gnoll

Illustrated notes

Levels and vault maps discovered:
D:1:      matt_arrival_spirals, layout_rooms,
          dilly_ecumenical_altar_fadedgnrine, chequers_serial_rivers_small_3,
          nicolae_concentric_dashed_squares_mild
D:2:      layout_basic, kennysheep_generic_room_16, uniq_terence, uniq_natasha

Skill      XL: |  1  2  3  4  5 |
---------------+----------------+-----
Short Blades   | 1 |  1.5
Long Blades    | 1 |  1.5
Axes           | 1 |  1.5
Maces & Flails | 1 |  1.5
Polearms       | 1 |  1.5
Slings         | 1 |  1.5
Bows           | 1 |  1.5
Crossbows      | 1 |  1.5
Throwing       | 1 |  1.5
Dodging        | 1 |  1.5
Shields        | 1 |  1.5
Unarmed Combat | 1 |  1.5
Spellcasting   | 1 |  1.5
Conjurations   | 1 |  1.2
Hexes          | 1 |  1.2
Summonings     | 1 |  1.2
Necromancy     | 1 |  1.2
Translocations | 1 |  1.2
Transmutations | 1 |  1.2
Fire Magic     | 1 |  1.2
Ice Magic      | 1 |  1.2
Air Magic      | 1 |  1.2
Earth Magic    | 1 |  1.2
Poison Magic   | 1 |  1.2
Invocations    | 3 |  3.1
Fighting       | 3 |  3.0
Staves         | 3 |  3.0
Armour         | |  4.8
Stealth        | |  2.8
Evocations     | |  8.6

Action                   |  1- 3 |  4- 6 || total
-------------------------+-------+-------++-------
Melee: Quarterstaff      |   100 |    41 ||   141
       Bite              |     2 |     5 ||     7
Throw: Stone             |    11 |     5 ||    16
Evoke: Wand              |     1 |     5 ||     6
Armor: Ring mail         |     9 |       ||     9
       Scale mail        |     2 |       ||     2
       Leather armour    |    25 |     8 ||    33
Dodge: Dodged            |    80 |    38 ||   118
